 Dungeon Crawl Stone Soup version 0.23-a0-422-g30b1108 (webtiles) character file.

1795274 Garbasso the Conqueror (level 27, 206/273 HPs)
             Began as a Minotaur Berserker on Nov 14, 2018.
             Was a High Priest of Trog.
             Escaped with the Orb
             ... and 3 runes!
             The game lasted 02:40:15 (63167 turns).

Garbasso the Conqueror (Minotaur Berserker)        Turns: 63167, Time: 02:40:16

Health: 206/273    AC: 53    Str: 41    XL:     27
Magic:  8/8        EV: 24    Int:  7    God:    Trog [*****.]
Gold:   3363       SH:  0    Dex: 14    Spells: 26/26 levels left

rFire    + . .     SeeInvis .   b - +9 executioner's axe (antimagic)
rCold    + . .     Gourm    .   (shield currently unavailable)
rNeg     + . .     Faith    .   f - +11 crystal plate armour
rPois    +         Spirit   .   W - +2 hat
rElec    +         Reflect  .   w - +2 cloak {rPois}
rCorr    .         Harm     .   p - +0 pair of gloves "Umika Gyot" {Str+3}
MR       +++++     NoTele   +   E - +1 pair of boots
Stlth    ..........             g - amulet of Ashenzari's Anger {-Tele rC+ rN+ Regen+ Str+5 Slay+3}
HPRegen  1.95/turn              o - ring of protection from fire
MPRegen  0.11/turn              v - ring of Sivem {Str+2 Int+3 Slay+4}

@: berserk cooldown, regenerating, slowed, very slow
A: retaliatory headbutt, horns 2, agile 1, magic resistance 2, mutation
resistance 1, electricity resistance, weak 1
0: Orb of Zot
}: 3/15 runes: decaying, serpentine, silver
a: Berserk, Trog's Hand, Brothers in Arms, Renounce Religion


You escaped.
You worshipped Trog.
Trog was extremely pleased with you.
You were not hungry.

You visited 9 branches of the dungeon, and saw 47 of its levels.
You visited the Abyss 1 time.
You also visited: Sewer, Ice Cave and Volcano.

You collected 6855 gold pieces.
You spent 3492 gold pieces at shops.

Inventory:

Hand Weapons
 a - a +9 executioner's axe of venom
 b - a +9 antimagic executioner's axe (weapon)
Missiles
 J - 2 throwing nets (quivered) {=f}
 R - 3 silver tomahawks
Armour
 f - a +11 crystal plate armour (worn)
 i - a scarf of cloud immunity
 p - the +0 pair of gloves "Umika Gyot" (worn) {Str+3}
   (You acquired it on level 4 of the Depths)

   It affects your strength (+3).
 w - a +2 cloak of poison resistance (worn)
 B - a scarf of repulsion
 D - a scarf of resistance
 E - a +1 pair of boots (worn)
 W - a +2 hat (worn)
Jewellery
 g - the amulet of Ashenzari's Anger (around neck) {-Tele rC+ rN+ Regen+ Str+5 Slay+3}
   (You found it on level 2 of the Realm of Zot)

   [amulet of regeneration]

   It affects your strength (+5).
   It affects your accuracy and damage with ranged weapons and melee attacks
   (+3).
   It protects you from cold.
   It protects you from negative energy.
   It prevents most forms of teleportation.
   It increases your rate of regeneration.
 l - a +4 ring of protection
 o - a ring of protection from fire (left hand)
 v - the ring of Sivem (right hand) {Str+2 Int+3 Slay+4}
   (You found it on level 2 of the Realm of Zot)

   [ring of intelligence]

   It affects your strength (+2).
   It affects your intelligence (+3).
   It affects your accuracy and damage with ranged weapons and melee attacks
   (+4).
 O - a +4 ring of intelligence
 S - the ring of Phasing {EV+8}
   (You found it on level 4 of the Snake Pit)

   [ring of evasion]

   It affects your evasion (+8).
 U - the amulet of the Four Winds {rN+ MR+++ Clar}
   (You bought it in a shop on level 4 of the Snake Pit)

   [amulet of nothing]

   It protects you from negative energy.
   It affects your resistance to hostile enchantments.
   It protects you against confusion.
Wands
 M - a wand of clouds (11)
 N - a wand of iceblast (16)
 Y - a wand of digging (11)
 Z - a wand of acid (61)
Scrolls
 d - 10 scrolls of fog
 k - 5 scrolls of immolation
 m - 26 scrolls of remove curse
 r - 22 scrolls of teleportation
 u - a scroll of enchant armour
 x - 7 scrolls of fear
 y - 4 scrolls of magic mapping
 A - 2 scrolls of brand weapon
 C - 3 scrolls of summoning
 I - a scroll of enchant weapon
 K - 3 scrolls of silence
 L - 7 scrolls of blinking
 P - 24 scrolls of identify
Potions
 c - 4 potions of resistance
 h - 2 potions of flight
 j - 25 potions of curing
 n - 4 potions of ambrosia
 q - 9 potions of might
 s - 6 potions of heal wounds
 t - 8 potions of agility
 z - 6 potions of haste
 F - a potion of cancellation
 G - 3 potions of invisibility
 V - 3 potions of mutation
Miscellaneous
 H - 2 phantom mirrors
 X - a phial of floods
Comestibles
 e - 62 rations


   Skills:
 O Level 27 Fighting
 O Level 27 Axes
 * Level 5.7 Throwing
 O Level 27 Armour
 O Level 27 Dodging
 + Level 4.6 Evocations


You had 26 spell levels left.
You didn't know any spells.
Your spell library contained the following spells:

 Spells                   Type           Power        Failure   Level  Hunger
 Animate Skeleton         Necr           N/A          85%         1    ##.....
 Confusing Touch          Hex            #.....       85%         1    ##.....
 Corona                   Hex            #......      85%         1    ##.....
 Flame Tongue             Conj/Fire      #....        85%         1    ##.....
 Magic Dart               Conj           #...         85%         1    ##.....
 Sandblast                Erth           #.....       85%         1    ##.....
 Sting                    Conj/Pois      #...         85%         1    ##.....
 Summon Small Mammal      Summ           #...         85%         1    ##.....
 Blink                    Tloc           N/A          94%         2    ###....
 Call Imp                 Summ           #.......     94%         2    ###....
 Corpse Rot               Necr           N/A          94%         2    ###....
 Ensorcelled Hibernation  Hex/Ice        #.....       94%         2    ###....
 Passwall                 Tmut/Erth      #.......     94%         2    ###....
 Poisonous Vapours        Pois/Air       #.....       94%         2    ###....
 Shroud of Golubria       Chrm/Tloc      #.........   94%         2    ###....
 Slow                     Hex            #.......     94%         2    ###....
 Swiftness                Chrm/Air       #.......     94%         2    ###....
 Throw Flame              Conj/Fire      #.....       94%         2    ###....
 Call Canine Familiar     Summ           #.......     99%         3    ####...
 Confuse                  Hex            #.......     99%         3    ####...
 Conjure Flame            Conj/Fire      #.......     99%         3    ####...
 Dazzling Spray           Conj/Hex       #.....       99%         3    ####...
 Gell's Gravitas          Tloc           #.........   99%         3    ####...
 Ignite Poison            Fire/Tmut/Pois #.......     99%         3    ####...
 Inner Flame              Hex/Fire       #.......     99%         3    ####...
 Lesser Beckoning         Tloc           #.........   99%         3    ####...
 Mephitic Cloud           Conj/Pois/Air  #.......     99%         3    ####...
 Recall                   Summ/Tloc      N/A          99%         3    ####...
 Regeneration             Chrm/Necr      #.........   99%         3    ####...
 Stone Arrow              Conj/Erth      #.....       99%         3    ####...
 Summon Guardian Golem    Hex/Summ       #.......     99%         3    ####...
 Teleport Other           Tloc           #.......     99%         3    ####...
 Tukima's Dance           Hex            #.......     99%         3    ####...
 Vampiric Draining        Necr           #.........   99%         3    ####...
 Fulminant Prism          Conj/Hex       #.........   100%        4    #####..
 Leda's Liquefaction      Hex/Erth       #.........   100%        4    #####..
 Olgreb's Toxic Radiance  Pois           #.......     100%        4    #####..
 Petrify                  Tmut/Erth      #.......     100%        4    #####..
 Sticky Flame             Conj/Fire      #.......     100%        4    #####..
 Summon Ice Beast         Ice/Summ       #.......     100%        4    #####..
 Summon Lightning Spire   Summ/Air       #.......     100%        4    #####..
 Bolt of Draining         Conj/Necr      #.........   100%        5    ######.
 Bolt of Magma            Conj/Fire/Erth #.........   100%        5    ######.
 Borgnjor's Vile Clutch   Necr/Erth      #.........   100%        5    ######.
 Dispel Undead            Necr           #.......     100%        5    ######.
 Fireball                 Conj/Fire      #.........   100%        5    ######.
 Irradiate                Conj/Tmut      #.........   100%        5    ######.
 Iskenderun's Battlesphe  Conj/Chrm      #.......     100%        5    ######.
 Lee's Rapid Deconstruct  Erth           #.........   100%        5    ######.
 Metabolic Englaciation   Hex/Ice        #.........   100%        5    ######.
 Silence                  Hex/Air        #.........   100%        5    ######.
 Summon Forest            Summ/Tloc      #.........   100%        5    ######.
 Summon Mana Viper        Hex/Summ       #.......     100%        5    ######.
 Venom Bolt               Conj/Pois      #.........   100%        5    ######.
 Yara's Violent Unravell  Hex/Tmut       #.........   100%        5    ######.
 Bolt of Fire             Conj/Fire      #.........   100%        6    #######
 Darkness                 Hex            #.........   100%        6    #######
 Freezing Cloud           Conj/Ice/Air   #.........   100%        6    #######
 Hydra Form               Tmut           #.........   100%        6    #######
 Invisibility             Hex            #.......     100%        6    #######
 Simulacrum               Ice/Necr       #.........   100%        6    #######
 Statue Form              Tmut/Erth      #........    100%        6    #######
 Dragon Form              Tmut           #.........   100%        7    #######
 Malign Gateway           Summ/Tloc      #.........   100%        7    #######
 Ring of Flames           Chrm/Fire      #.........   100%        7    #######
 Summon Hydra             Summ           #.........   100%        7    #######
 Ignition                 Fire           #.........   100%        8    #######
 Shatter                  Erth           #.........   100%        9    #######
 Passage of Golubria      Tloc           Unusable     N/A         4    N/A

Dungeon Overview and Level Annotations

Branches:
Dungeon (15/15)            Temple (0/1) D:6            Lair (6/6) D:11
  Swamp (4/4) Lair:2        Snake (4/4) Lair:4        Slime (0/5) Lair:6
    Orc (2/2) D:9             Elf (1/3) Orc:2        Vaults (5/5) D:13
  Crypt (0/3) Vaults:2     Depths (5/5) D:15            Zot (5/5) Depths:5

Altars:
Ashenzari
Gozag
Uskayaw
Wu Jian
Xom
Yredelemnul
Jiyva
Lugonu

Shops:
D:6 [%[!   D:13 *   Orc:1 [   Orc:2 ?!}?   Snake:4 }=}   Vaults:1 !
Vaults:2 !   Vaults:3 [}[*[   Vaults:4 *   Depths:1 ?}   Depths:5 }

Portals:
Hell: Depths:1 Depths:2 Depths:3 Depths:4 Depths:5
Abyss: Depths:4 Depths:5
Pandemonium: Depths:1 Depths:3
Ziggurat: Depths:3

Annotations:
D:14 3 runed doors, Ratty's ghost, journeyman MiFi
Lair:1 1 runed door, Tenar's ghost, novice DEIE
Lair:5 3 runed doors, Dudiycywn's ghost, journeyman HaGl
Swamp:4 1 runed door, feelmyfire's ghost, adept NaNe
Snake:2 1 runed door, Zuogeh's ghost, adept MiBe
Vaults:3 3 runed doors, Wakhat's ghost, adept MiFi
Depths:2 1 exclusion
Depths:3 exclusions: angel and 2 daevas
Zot:5 1 runed door, XanderDroid's ghost, legendary GrFi


Innate Abilities, Weirdness & Mutations

You reflexively headbutt those who attack you in melee.
You have a pair of horns on your head.
You are agile. (Dex +2)
You are highly resistant to hostile enchantments. (MR++)
You are somewhat resistant to further mutation.
You are resistant to electric shocks. (rElec)
You are weak. (Str -2)


Message History

You slice the cherub!! Your headbutt misses the cherub.
The cherub is heavily wounded.
Your deep troll completely misses the cherub.
Your deep troll claws the cherub!
Your deep troll completely misses the cherub.
You carve the cherub like a ham!!!
You feel the power of Trog in you as your rage grows.
You kill the cherub!
Trog accepts your kill.
You feel a strong urge to attack something.
You are no longer berserk.
You are exhausted.
You feel yourself slow down.
Your deep troll rages.
Things that are here:
a +3 scimitar of holy wrath; a +0 large shield You swap places.
There is a staircase leading out of the dungeon here.
Your ogre rages.
You have escaped!

#..........## ##..........#
#.####......## ##......####.#
#..# ##......## ##......## #..#
##.## ##......## ##......## ##.##
.#..## ##......###......## ##..#
.##..## ##......#......## ##..##
..##..## ##.).........## ##..##
...##..## ##.........## ##..###
##..##..#####...@...#####..##.###
###.###...####..OT.####...###.#..
# #...###...###.).###...###.#....
# ###...###....)((....###...###..
# ###...######(######.....# #.. #
###.#####..####......(# #.. #
#...................# #.) #
#############.......# #..
######### ###


You could see a friendly deep troll (berserk) and a friendly ogre (berserk).

Vanquished Creatures
  A seraph (D:1)
  5 orbs of fire
  7 ancient liches
  A pandemonium lord (D:10)
  Xtahua (Depths:4)
  Saint Roka (Snake:4)
  Margery (Depths:1)
  A caustic shrike (Depths:4)
  4 Killer Klowns
  7 curse toes
  9 golden dragons
  Nikola (Snake:1)
  the Enchantress (Depths:3)
  A bone dragon (Vaults:4)
  Jory (Depths:4)
  6 electric golems
  26 Orb Guardians
  2 titans
  20 tentacled monstrosities
  10 quicksilver dragons
  2 liches
  2 Executioners
  Asterion (Snake:1)
  A sphinx (Vaults:4)
  14 death cobs
  A tentacled starspawn (Abyss:2)
  12 storm dragons
  A tengu reaver (Depths:4)
  A thorn hunter (Swamp:3)
  12 shadow dragons
  A daeva (D:1)
  4 draconian monks
  9 nagarajas
  7 frost giants
  5 deep elf sorcerers
  An orc warlord (Orc:1)
  6 fire giants
  4 draconian knights
  2 cacodemons (Zot:2)
  5 draconian scorchers
  An iron dragon (Vaults:4)
  2 draconian shifters
  14 vault wardens
  A deep elf elementalist (Vaults:5)
  3 ghost moths
  An angel (D:1)
  A blood saint (D:11)
  16 ironheart preservers
  A draconian stormcaller (Zot:4)
  4 spriggan defenders (Depths:3)
  A war gargoyle (Vaults:5)
  21 stone giants
  A vampire knight (Depths:1)
  27 very ugly things
  A black sun (D:11)
  An entropy weaver (Vaults:1)
  9 black draconians
  9 green draconians
  2 deep elf demonologists
  11 purple draconians
  8 white draconians
  Azrael (D:12)
  3 deep elf annihilators
  9 red draconians
  An eidolon (Vaults:4)
  11 yellow draconians
  12 ettins
  3 blizzard demons
  2 deep elf death magi
  A great orb of eyes (shapeshifter) (Depths:2)
  9 great orbs of eyes
  16 yaktaur captains
  15 fire dragons
  Erolcha (D:12)
  5 rakshasas
  8 ghost crabs
  14 ice dragons
  3 jiangshi (Depths:1)
  A hell beast (D:14)
  30 vault guards
  8 naga warriors
  4 spriggan air magi
  15 centaur warriors
  8 hydras
  4 catoblepae
  5 shambling mangroves
  A dancing weapon (Volcano)
  10 anacondas
  46 two-headed ogres
  14 death yaks
  15 deep troll earth magi
  17 ogre magi
  13 alligators
  15 deep troll shamans
  2 death knights
  5 vampire magi
  6 tengu warriors
  11 shock serpents
  3 spriggan berserkers (Depths:3)
  An orc high priest (Elf:1)
  19 naga sharpshooters
  Nergalle (Lair:3)
  2 wretched stars (Abyss:2)
  3 sun demons
  2 salamander mystics
  A spatial maelstrom (Abyss:2)
  5 iron trolls
  2 shadow wraiths
  19 hell knights
  5 deep elf knights
  A sixfirhy (D:11)
  A torturous demonspawn (D:11)
  5 skeletal warriors
  A spriggan druid (Swamp:3)
  6 sea snakes (Snake:4)
  An entropy weaver zombie (Vaults:1)
  A storm dragon skeleton (Vaults:1)
  A cherub (D:1)
  6 flayed ghosts
  21 wizards
  A shadow demon (D:10)
  7 glowing orange brains
  4 swamp dragons
  7 unseen horrors
  7 naga ritualists
  45 deep trolls
  9 necromancers
  An infernal demonspawn (Zot:3)
  10 orc knights
  18 ironbrand convokers
  A wolf spider zombie (D:13)
  3 phantasmal warriors
  17 deep elf archers
  9 harpies
  73 ugly things
  19 mana vipers
  5 orc sorcerers
  A wolf spider (Vaults:1)
  6 cyclopes
  8 salamanders
  4 fauns (Depths:3)
  23 deep elf magi
  A shining eye (shapeshifter) (Vaults:5)
  A tengu skeleton (D:15)
  9 manticores
  6 elephants (Lair:3)
  A sphinx skeleton (Vaults:4)
  2 worldbinders (Vaults:4)
  A salamander (shapeshifter) (Vaults:4)
  A fire giant skeleton (Vaults:3)
  24 moths of wrath
  2 moths of wrath (shapeshifter) (Vaults:5)
  A stone giant skeleton (D:15)
  A stone giant zombie (Depths:2)
  2 ice statues
  5 toenail golems (Volcano)
  7 guardian serpents
  21 naga magi
  Joseph (D:8)
  A torpor snail (Lair:3)
  12 vault sentinels
  28 black mambas
  A centaur zombie (D:15)
  2 smoke demons (Abyss:2)
  17 spiny frogs
  7 gargoyles
  A spriggan skeleton (Vaults:4)
  An elf skeleton (Vaults:4)
  2 komodo dragons (shapeshifter)
  2 orange demons
  A kobold demonologist (D:14)
  A rime drake (Lair:6)
  8 komodo dragons
  54 yaktaurs
  10 freezing wraiths
  3 human skeletons
  4 meliai
  3 hellwings (Abyss:2)
  5 tengu conjurers
  13 ice devils
  4 anaconda simulacra (IceCv)
  3 trolls
  A shadow dragon simulacrum (Vaults:4)
  7 bog bodies
  32 slime creatures
  A tengu simulacrum (Vaults:1)
  6 tyrant leeches
  17 hornets
  8 blink frogs
  A blink frog (shapeshifter) (Vaults:4)
  Grinder (Sewer)
  6 raiju (Abyss:2)
  An ice dragon zombie (Abyss:2)
  8 hippogriffs
  2 redbacks (shapeshifter)
  2 stone giant simulacra (Vaults:1)
  A deep troll skeleton (D:15)
  5 dire elephant simulacra (IceCv)
  10 spriggans
  4 shadows
  2 spriggan simulacra
  A ynoxinul (Abyss:2)
  A spriggan (shapeshifter) (D:12)
  4 wraiths
  43 yaks
  2 redbacks (Vaults:1)
  3 wyverns
  An ettin skeleton (Depths:2)
  5 fire elementals
  7 humans (D:13)
  A human (shapeshifter) (Abyss:2)
  5 water elementals
  7 basilisks
  2 golden eyes (Vaults:4)
  4 large abominations
  2 hungry ghosts
  A death yak simulacrum (IceCv)
  6 swamp worm simulacra (Swamp:4)
  14 vampire mosquitoes
  An elf simulacrum (Vaults:4)
  Menkaure (D:4)
  A harpy simulacrum (IceCv)
  A deep troll zombie (Vaults:1)
  9 insubstantial wisps
  71 nagas
  17 swamp worms
  4 iron troll simulacra (IceCv)
  7 wargs
  A hell hound (D:12)
  16 hydra simulacra
  3 acid dragons
  11 water moccasins
  A soldier ant (D:14)
  2 soldier ants (shapeshifter)
  Duvessa (D:4)
  A floating eye (Depths:4)
  10 porcupines
  2 ettin simulacra
  7 swamp drakes
  4 sky beasts
  26 orc warriors
  3 ice beasts
  6 small abominations
  A black bear (Lair:1)
  An elf zombie (Vaults:3)
  2 human zombies (Vaults:3)
  50 ogres
  An eye of draining (shapeshifter) (Vaults:1)
  13 boggarts
  An eye of draining (D:9)
  2 phantoms (D:13)
  11 centaurs
  40 wolves
  2 necrophages (D:13)
  A crocodile (shapeshifter) (Vaults:5)
  4 big kobolds
  10 crocodiles
  18 bullfrogs
  A gnoll sergeant (D:7)
  4 earth elementals
  Dowan (D:4)
  A glowing shapeshifter simulacrum (Vaults:3)
  A wyvern skeleton (D:13)
  A tengu zombie (D:15)
  3 scorpions
  An elephant simulacrum (IceCv)
  2 vampire bats (Lair:3)
  5 killer bees (D:9)
  13 wights
  A howler monkey (D:10)
  2 bullfrog zombies
  2 crimson imps
  5 draconian simulacra (IceCv)
  A jelly (D:5)
  2 quasits
  7 hounds
  13 orc priests
  Crazy Yiuf (D:4)
  2 centaur skeletons
  7 bullfrog skeletons
  An iguana (D:4)
  Natasha (twice) (D:4)
  19 orc wizards
  2 hell rats (D:11)
  11 worker ants
  A lightning spire (Zot:3)
  4 troll simulacra (IceCv)
  A big kobold zombie (Sewer)
  A bullfrog simulacrum (D:12)
  2 hound zombies
  2 hound skeletons
  15 adders
  6 gnolls
  3 naga simulacra (IceCv)
  An ogre simulacrum (IceCv)
  2 river rats
  9 shadow imps
  5 white imps
  16 ufetubi
  2 swamp drake simulacra (Swamp:4)
  2 adder zombies (Sewer)
  A worm (D:4)
  2 dart slugs
  4 leopard geckos
  80 orcs
  A ball python (D:3)
  7 giant cockroaches
  4 goblins
  4 hobgoblins (D:2)
  6 jackals
  7 quokkas
  9 bats
  5 frilled lizards
  19 kobolds
  A kobold zombie (Sewer)
  6 rats
  5 fungi
  A macabre mass (Vaults:4)
  4 plants
  2 starspawn tentacles (Abyss:2)
  3 withered plants (D:15)
2271 creatures vanquished.

Vanquished Creatures (collateral kills)
  Vashnia (Snake:4)
  A storm dragon (Zot:2)
  2 nagarajas (Snake:4)
  A draconian scorcher (Zot:2)
  A cacodemon (Zot:2)
  A deep elf elementalist (Vaults:5)
  2 draconian annihilators (Zot:2)
  2 very ugly things (Depths:2)
  Nessos (Orc:2)
  A juggernaut skeleton (Depths:2)
  A green draconian (Zot:2)
  2 yellow draconians (Zot:2)
  2 red draconians (Zot:2)
  2 black draconians (Zot:2)
  Snorg (Orc:1)
  3 naga warriors (Snake:4)
  A vault guard (Vaults:5)
  2 catoblepae
  4 ogre magi
  A tengu warrior (D:13)
  A deep troll shaman (Depths:2)
  5 two-headed ogres (Orc:2)
  4 naga sharpshooters (Snake:4)
  2 spriggan berserkers (Depths:3)
  A deep elf knight (Depths:3)
  3 spriggans (Depths:3)
  2 skeletal warriors (D:13)
  A sea snake (Snake:4)
  A deep troll (Depths:2)
  A phantasmal warrior (Vaults:5)
  An orc knight (D:13)
  3 ugly things
  A moth of wrath (Zot:2)
  A guardian serpent (Snake:4)
  3 hornets (Depths:3)
  9 humans (D:13)
  A warg (D:15)
  3 nagas (Snake:4)
  8 orc warriors
  6 ogres
  A phantom (D:13)
  A boggart (Depths:3)
  A bullfrog (Lair:3)
  2 orc priests (Orc:1)
  An orc wizard (Orc:1)
  10 orcs
105 creatures vanquished.

Vanquished Creatures (others)
  A vault warden (Vaults:5)
  A vault guard (Vaults:5)
  An anaconda (Snake:2)
  An ogre mage (Depths:3)
  A naga mage (Snake:2)
  A komodo dragon (Swamp:4)
  A tengu conjurer (Depths:2)
  A harpy simulacrum (IceCv)
  3 insubstantial wisps
  An orc warrior (Orc:2)
  3 boggarts
  2 jackals (D:9)
  2 fungi
  15 plants
  3 starspawn tentacles (Abyss:2)
  3 withered plants
40 creatures vanquished.

Grand Total: 2416 creatures vanquished

Notes
Turn   | Place    | Note
-------+----------+-------------------------------------------
     0 | D:1      | Garbasso the Minotaur Berserker began the quest for the
                  | Orb.
     0 | D:1      | Reached XP level 1. HP: 19/19 MP: 0/0
   530 | D:2      | Found a faded altar of an unknown god.
   547 | D:2      | Reached XP level 2. HP: 25/27 MP: 1/1
   783 | D:2      | Found an opulent altar of Gozag.
   786 | D:2      | Reached XP level 3. HP: 33/33 MP: 2/2
  1044 | D:2      | Reached ** piety under Trog
  1281 | D:3      | Reached XP level 4. HP: 40/40 MP: 3/3
  1284 | D:3      | Reached skill level 5 in Axes
  1748 | D:4      | Found a glowing drain.
  1748 | D:4      | Noticed Dowan
  1749 | D:4      | Noticed Duvessa
  1756 | D:4      | Killed Duvessa
  1756 | D:4      | Reached XP level 5. HP: 47/47 MP: 4/4
  1760 | D:4      | Killed Dowan
  1760 | D:4      | Reached skill level 5 in Fighting
  1760 | D:4      | Reached XP level 6. HP: 56/56 MP: 5/5
  1826 | Sewer    | Entered a sewer
  2040 | Sewer    | Found a burning altar of Makhleb.
  2159 | Sewer    | Noticed Grinder
  2159 | Sewer    | Paralysed by Grinder for 5 turns
  2174 | Sewer    | Killed Grinder
  2174 | Sewer    | Reached skill level 5 in Armour
  2174 | Sewer    | Reached XP level 7. HP: 49/62 MP: 6/6
  2591 | D:4      | Reached *** piety under Trog
  2709 | D:4      | Noticed Menkaure
  2709 | D:4      | Noticed Natasha
  2712 | D:4      | Killed Menkaure
  2714 | D:4      | Killed Natasha
  2903 | D:4      | Reached XP level 8. HP: 71/71 MP: 7/7
  2924 | D:4      | Noticed Natasha
  2936 | D:4      | Killed Natasha
  3278 | D:4      | Found a runed door.
  3434 | D:4      | Noticed Crazy Yiuf
  3440 | D:4      | Killed Crazy Yiuf
  3505 | D:5      | Entered Level 5 of the Dungeon
  3693 | D:5      | Reached **** piety under Trog
  4211 | D:6      | Found Guagrici's Food Boutique.
  4343 | D:6      | Found Gotaf Fog's Antique Armour Shop.
  4351 | D:6      | Reached skill level 10 in Axes
  4662 | D:6      | Found Xuat's Armour Shop.
  4874 | D:6      | Found a staircase to the Ecumenical Temple.
  4917 | D:6      | Found Asut's Distillery.
  4922 | D:6      | Bought a potion of flight for 42 gold pieces
  4922 | D:6      | Bought 2 potions of degeneration for 28 gold pieces
  5130 | D:7      | Got an ichor-stained war axe
  5131 | D:7      | Identified the +6 war axe "Impslayer" {freeze, *Drain rN+
                  | MP+9 Dex+2} (You found it on level 7 of the Dungeon)
  5300 | D:7      | Found a hide-covered altar of Uskayaw.
  5300 | D:7      | Noticed a +0 hand axe
  5300 | D:7      | Noticed a +0 dagger
  5338 | D:7      | Reached XP level 9. HP: 77/81 MP: 8/8
  5688 | D:8      | Reached ***** piety under Trog
  5722 | D:8      | Noticed Joseph
  5734 | D:8      | Killed Joseph
  6121 | D:9      | Reached XP level 10. HP: 91/91 MP: 9/9
  6261 | D:9      | Received a gift from Trog
  6278 | D:9      | Got a warped fustibalus {god gift}
  6279 | D:9      | Noticed a wizard
  6287 | D:9      | Killed a wizard
  6375 | D:9      | Found a staircase to the Orcish Mines.
  6380 | D:9      | Noticed a two-headed ogre
  6385 | D:9      | Killed a two-headed ogre
  6385 | D:9      | Reached skill level 10 in Fighting
  6730 | D:9      | Found an ornate altar of the Wu Jian Council.
  6730 | D:9      | Found a shimmering altar of Xom.
  6847 | D:10     | Entered Level 10 of the Dungeon
  6897 | D:10     | Noticed an ice statue
  7418 | D:10     | Killed an unseen horror
  7418 | D:10     | Reached skill level 10 in Armour
  7456 | D:10     | Noticed a two-headed ogre
  7462 | D:10     | Killed a two-headed ogre
  7937 | D:11     | Reached XP level 11. HP: 101/101 MP: 10/10
  7966 | D:11     | Noticed a two-headed ogre
  7971 | D:11     | Noticed a death yak
  7971 | D:11     | Noticed a death yak
  7972 | D:11     | Killed a two-headed ogre
  7979 | D:11     | Killed a death yak
  7982 | D:11     | Noticed a death yak
  7985 | D:11     | Killed a death yak
  7989 | D:11     | Killed a death yak
  7990 | D:11     | Found a staircase to the Lair.
  8090 | D:11     | Noticed a red ugly thing
  8098 | D:11     | Killed a red ugly thing
  8098 | D:11     | Reached skill level 15 in Axes
  8145 | D:11     | Killed an unseen horror
  8985 | Lair:1   | Entered Level 1 of the Lair of Beasts
  9409 | Lair:1   | Noticed Tenar's ghost (novice DEIE)
  9417 | Lair:1   | Noticed a four-headed hydra
  9427 | Lair:1   | Killed an eight-headed hydra
  9427 | Lair:1   | Reached XP level 12. HP: 112/112 MP: 11/11
  9519 | Lair:1   | Found a runed door.
 10090 | Lair:2   | Received a gift from Trog
 10096 | Lair:2   | Identified the +7 fustibalus "Feve" {freeze, rC+ Int+4
                  | Stlth+} (Trog gifted it to you on level 9 of the Dungeon)
 10456 | Lair:2   | Found a staircase to the Swamp.
 11033 | Lair:3   | Noticed Nergalle
 11039 | Lair:3   | Killed Nergalle
 11324 | Lair:3   | Noticed a catoblepas
 11343 | Lair:3   | Killed a catoblepas
 12119 | Lair:4   | Reached XP level 13. HP: 120/122 MP: 12/12
 12361 | Lair:4   | Found a staircase to the Snake Pit.
 12702 | Lair:5   | Found a runed gate.
 12703 | Lair:5   | Found a runed gate.
 12703 | Lair:5   | Noticed a death ooze
 12704 | Lair:5   | Found a runed gate.
 13182 | Lair:5   | Noticed Dudiycywn's ghost (journeyman HaGl)
 13185 | Lair:5   | Noticed a death ooze
 13186 | Lair:5   | Found a viscous altar of Jiyva.
 13212 | Lair:6   | Entered Level 6 of the Lair of Beasts
 13212 | Lair:6   | Found a viscous altar of Jiyva.
 13212 | Lair:6   | Found a staircase to the Slime Pits.
 13220 | Lair:6   | Found a dark tunnel.
 13229 | Volcano  | Entered a volcano
 13398 | Volcano  | Cast into level 2 of the Abyss (a wizard)
 13532 | Abyss:2  | Noticed a tentacled starspawn
 13553 | Abyss:2  | Killed a tentacled starspawn
 13573 | Abyss:2  | Found a corrupted altar of Lugonu.
 13649 | Abyss:2  | Lost intelligence.
 13701 | Abyss:2  | Noticed a starcursed mass
 13707 | Volcano  | Escaped the Abyss
 14056 | Lair:6   | Reached XP level 14. HP: 133/133 MP: 13/13
 14063 | Lair:6   | Received a gift from Trog
 14499 | Lair:6   | Reached skill level 15 in Fighting
 15425 | Orc:1    | Entered Level 1 of the Orcish Mines
 15439 | Orc:1    | Reached skill level 15 in Armour
 15855 | Orc:2    | Entered Level 2 of the Orcish Mines
 16133 | Orc:1    | Received a gift from Trog
 16519 | Orc:2    | Found Quaggopias's Gadget Emporium.
 16519 | Orc:2    | Found Guqer's Magic Scroll Shop.
 16522 | Orc:2    | Found Muawaduh's Magic Scroll Boutique.
 16522 | Orc:2    | Found Wiagg's Distillery.
 16525 | Orc:2    | Noticed Nessos
 16540 | Orc:2    | Reached XP level 15. HP: 143/143 MP: 14/14
 16551 | Orc:2    | Killed Nessos
 16577 | Orc:2    | Bought a potion of heal wounds for 75 gold pieces
 16578 | Orc:2    | Bought a scroll of teleportation for 39 gold pieces
 16578 | Orc:2    | Bought a scroll of enchant weapon for 97 gold pieces
 16578 | Orc:2    | Bought a scroll of blinking for 97 gold pieces
 16578 | Orc:2    | Bought a scroll of fog for 26 gold pieces
 16578 | Orc:2    | Bought a scroll of fear for 45 gold pieces
 16578 | Orc:2    | Bought a scroll of blinking for 97 gold pieces
 16581 | Orc:2    | Bought a scroll of teleportation for 45 gold pieces
 16581 | Orc:2    | Bought a scroll of identify for 30 gold pieces
 16734 | Orc:2    | Found a staircase to the Elven Halls.
 17075 | Elf:1    | Entered Level 1 of the Elven Halls
 17128 | Elf:1    | Received a gift from Trog
 17589 | Elf:1    | Paralysed by a wizard for 4 turns
 17705 | Elf:1    | Noticed a deep elf sorcerer
 17714 | Elf:1    | Killed a deep elf sorcerer
 18080 | Orc:1    | Noticed an orc warlord
 18093 | Orc:1    | Noticed Snorg
 18094 | Orc:1    | Killed an orc warlord
 18104 | Orc:1    | Killed Snorg
 18105 | Orc:1    | Received a gift from Trog
 18224 | Orc:1    | Found Zappev's Antique Armour Shop.
 18776 | D:12     | Noticed Azrael
 18785 | D:12     | Killed Azrael
 19246 | D:12     | Noticed Erolcha
 19253 | D:12     | Killed Erolcha
 19502 | D:13     | Found a basalt altar of Yredelemnul.
 19511 | D:13     | Received a gift from Trog
 19918 | D:13     | Found Efepp's Elemental Accessories.
 19926 | D:13     | Bought a wand of digging (5) for 306 gold pieces
 20003 | D:13     | Found a gate to the Vaults.
 20155 | D:14     | Reached XP level 16. HP: 129/154 MP: 15/15
 20362 | D:14     | Found a runed gate.
 20363 | D:14     | Found a runed gate.
 20364 | D:14     | Found a runed gate.
 20371 | D:14     | Noticed Ratty's ghost (journeyman MiFi)
 20984 | D:14     | Received a gift from Trog
 21023 | D:15     | Entered Level 15 of the Dungeon
 21630 | D:15     | Found a staircase to the Depths.
 22298 | Swamp:1  | Entered Level 1 of the Swamp
 22372 | Snake:1  | Entered Level 1 of the Snake Pit
 22446 | Snake:1  | Reached skill level 5 in Dodging
 23277 | D:10     | Received a gift from Trog
 24243 | Swamp:2  | Received a gift from Trog
 24243 | Swamp:2  | Reached XP level 17. HP: 147/163 MP: 16/16
 25977 | Swamp:4  | Entered Level 4 of the Swamp
 26170 | Swamp:4  | Found a runed door.
 26170 | Swamp:4  | Found a shimmering altar of Xom.
 26170 | Swamp:4  | Noticed feelmyfire's ghost (adept NaNe)
 26170 | Swamp:4  | Identified the +6 morningstar of Trog's Envy {chaos, rN+}
 26305 | Swamp:4  | Reached ****** piety under Trog
 27904 | Swamp:4  | Got a decaying rune of Zot
 28198 | Snake:1  | Received a gift from Trog
 28243 | Snake:1  | Noticed Nikola
 28254 | Snake:1  | Killed Nikola
 28254 | Snake:1  | Reached skill level 10 in Dodging
 28454 | Snake:1  | Noticed Asterion
 28476 | Snake:1  | Killed Asterion
 29521 | Snake:2  | Found a runed door.
 29522 | Snake:2  | Noticed Zuogeh's ghost (adept MiBe)
 29536 | Snake:2  | Reached XP level 18. HP: 153/173 MP: 7/17
 30089 | Snake:2  | Received a gift from Trog
 31144 | Snake:3  | Identified a scroll of acquirement
 31549 | Snake:4  | Entered Level 4 of the Snake Pit
 31615 | Snake:4  | Noticed Saint Roka
 31623 | Snake:4  | Received a gift from Trog
 31632 | Snake:4  | Killed Saint Roka
 31639 | Snake:4  | Noticed Vashnia
 31651 | Snake:4  | Killed Vashnia
 31651 | Snake:4  | HP: 8/176 [naga sharpshooter/bolt[Vashnia] (7)]
 32115 | Snake:4  | Found Pomihis's Gadget Emporium.
 32115 | Snake:4  | Found Feerus's Jewellery Shop.
 32120 | Snake:4  | Found Muemm's Gadget Emporium.
 32186 | Snake:4  | Found a frozen archway.
 32195 | IceCv    | Entered an ice cave
 32978 | IceCv    | Received a gift from Trog
 33592 | Snake:4  | Bought the amulet of the Four Winds {rN+ MR+++ Clar} for
                  | 526 gold pieces
 33592 | Snake:4  | Found the amulet of the Four Winds {rN+ MR+++ Clar}
 33844 | Snake:4  | Found the ring of Phasing {EV+8}
 34189 | Snake:4  | Reached XP level 19. HP: 172/183 MP: 18/18
 34427 | Snake:4  | Received a gift from Trog
 35094 | Snake:4  | Got a serpentine rune of Zot
 35315 | Vaults:1 | Entered Level 1 of the Vaults
 35480 | Vaults:1 | Found Miug's Distillery.
 35495 | Vaults:1 | Bought a potion of curing for 63 gold pieces
 35847 | Vaults:1 | Received a gift from Trog
 36810 | Vaults:2 | Found a staircase to the Crypt.
 36819 | Vaults:2 | Received a gift from Trog
 37315 | Vaults:2 | Found Vuhip's Distillery.
 37323 | Vaults:2 | Bought a potion of resistance for 170 gold pieces
 37323 | Vaults:2 | Bought a potion of heal wounds for 85 gold pieces
 37323 | Vaults:2 | Bought 2 potions of heal wounds for 170 gold pieces
 37798 | Vaults:2 | Reached XP level 20. HP: 194/194 MP: 19/19
 37935 | Vaults:3 | Received a gift from Trog
 37960 | Vaults:3 | Found Qonaow's Armour Shoppe.
 37969 | Vaults:3 | Bought a +2 hat for 320 gold pieces
 37988 | Vaults:3 | Found Mawoov's Assorted Antiques.
 37988 | Vaults:3 | Found Omexul's Armour Shop.
 38004 | Vaults:3 | Reached skill level 15 in Dodging
 38067 | Vaults:3 | Bought a potion of mutation for 208 gold pieces
 38067 | Vaults:3 | Bought a potion of heal wounds for 130 gold pieces
 38067 | Vaults:3 | Bought 3 scrolls of teleportation for 234 gold pieces
 38067 | Vaults:3 | Bought a scroll of teleportation for 78 gold pieces
 38446 | Vaults:3 | Found Zaebrosaz's Antique Armour Shoppe.
 38473 | Vaults:3 | Found Ciwe's Gadget Emporium.
 38527 | Vaults:3 | Received a gift from Trog
 39164 | Vaults:3 | Found a runed gate.
 39164 | Vaults:3 | Found a runed gate.
 39165 | Vaults:3 | Found a runed gate.
 39165 | Vaults:3 | Noticed Wakhat's ghost (adept MiFi)
 39601 | Vaults:3 | Received a gift from Trog
 39616 | Vaults:3 | Identified the +4 broad axe of Fragile Peace {freeze,
                  | Str+4} (Trog gifted it to you on level 3 of the Vaults)
 39937 | Vaults:4 | Identified the Grimoire of Hexes
 40184 | Vaults:4 | Found a shimmering altar of Xom.
 40248 | Vaults:4 | Reached XP level 21. HP: 205/205 MP: 20/20
 40637 | Vaults:4 | Received a gift from Trog
 40774 | Vaults:4 | Found Madys's Assorted Antiques.
 40782 | Vaults:4 | Bought a scroll of fog for 74 gold pieces
 40782 | Vaults:4 | Bought a scroll of magic mapping for 129 gold pieces
 40886 | Vaults:4 | Identified Sif Muna's Grimoire of Companions
 41121 | Vaults:4 | Identified Byoga's Handbook of Stones
 41372 | Vaults:4 | Received a gift from Trog
 41397 | Vaults:4 | Identified Legam's Reference Book on Black Magic
 41567 | Vaults:5 | Entered Level 5 of the Vaults
 41677 | Vaults:5 | Noticed an ancient lich
 41692 | Vaults:5 | Killed an ancient lich
 42170 | Vaults:5 | Identified the +2 ring mail "Hics" {Dex+4}
 42203 | Vaults:5 | Identified the cursed +1 chain mail "Nurghuilo" {rPois
                  | rCorr Dex+3}
 42431 | Vaults:5 | Reached XP level 22. HP: 166/217 MP: 21/21
 42434 | Vaults:5 | Received a gift from Trog
 42608 | Vaults:5 | Identified the Handbook of Helpful Stones
 42649 | Vaults:5 | Noticed an ancient lich
 42654 | Vaults:5 | Killed an ancient lich
 43145 | Vaults:5 | Identified the cursed ring of the Sun {rElec Str+2 Int-3}
 43534 | Vaults:5 | Got a silver rune of Zot
 43607 | Vaults:5 | Noticed a golden dragon
 43617 | Vaults:5 | Killed a golden dragon
 43991 | Vaults:5 | Identified the +2 hand axe of Satyriasis {freeze, -Tele
                  | rElec Str+8}
 44354 | Depths:1 | Entered Level 1 of the Depths
 44371 | Depths:1 | Found a shattered altar of Ashenzari.
 44499 | Depths:1 | Received a gift from Trog
 44534 | Depths:1 | Found Vyneiwk's Magic Scroll Shoppe.
 44576 | Depths:1 | Found Peohipn's Gadget Emporium.
 44606 | Depths:1 | Bought a scroll of teleportation for 54 gold pieces
 44606 | Depths:1 | Bought a scroll of blinking for 135 gold pieces
 44606 | Depths:1 | Bought a scroll of teleportation for 54 gold pieces
 44606 | Depths:1 | Bought a scroll of enchant armour for 135 gold pieces
 44769 | Depths:1 | Noticed Margery
 44781 | Depths:1 | Killed Margery
 44829 | Depths:1 | Found a gateway to Hell.
 45054 | Depths:1 | Found a one-way gate leading to the halls of Pandemonium.
 45066 | Depths:1 | Reached XP level 23. HP: 226/229 MP: 22/22
 45070 | Depths:1 | Received a gift from Trog
 45525 | Depths:2 | Received a gift from Trog
 46817 | Depths:3 | Identified the +5 large shield of Gozag {rCorr Dex+3}
 46822 | Depths:3 | Found a gateway to a ziggurat.
 46984 | Depths:3 | Identified the cursed +3 giant club of the Messenger
                  | {speed, +Fly rC- Int+5 Dex+3}
 46984 | Depths:3 | Identified the cursed +8 giant club "Cypp" {freeze, rElec
                  | Int-5 Dex+4}
 47687 | Depths:3 | Received a gift from Trog
 47713 | Depths:3 | Identified the +7 faerie dragon scales {rN+ MR+ rCorr HP-1
                  | Int+3}
 47713 | Depths:3 | Noticed the Enchantress
 47730 | Depths:3 | Killed the Enchantress
 48546 | Depths:4 | Reached XP level 24. HP: 222/240 MP: 22/22
 48570 | Depths:4 | Received a gift from Trog
 48601 | Depths:4 | Noticed Xtahua
 48606 | Depths:4 | Found a corrupted altar of Lugonu.
 48606 | Depths:4 | Found a one-way gate to the infinite horrors of the Abyss.
 48612 | Depths:4 | Killed Xtahua
 48806 | Depths:4 | Noticed Jory
 48822 | Depths:4 | Killed Jory
 49093 | Depths:4 | Got a pair of translucent gloves
 49104 | Depths:4 | Identified the +0 pair of gloves "Umika Gyot" {Str+3} (You
                  | acquired it on level 4 of the Depths)
 49715 | Depths:5 | Entered Level 5 of the Depths
 50430 | Depths:5 | Found a gate to the Realm of Zot.
 50507 | Depths:5 | Received a gift from Trog
 50532 | Depths:5 | Identified the +5 battleaxe "Yran" {chop, +Fly} (Trog
                  | gifted it to you on level 5 of the Depths)
 50723 | Depths:5 | Found Xuliyc's Gadget Emporium.
 50883 | Zot:1    | Entered Level 1 of the Realm of Zot
 50979 | Zot:1    | Noticed an orb of fire
 50987 | Zot:1    | Gained mutation: You tend to lose your temper in combat.
                  | [an orb of fire]
 50988 | Zot:1    | Killed an orb of fire
 51490 | Zot:1    | Reached XP level 25. HP: 198/253 MP: 22/22
 52247 | Zot:2    | Received a gift from Trog
 52671 | Zot:2    | Found a transporter.
 53730 | Zot:2    | Found a transporter.
 54615 | Zot:2    | Gained mutation: Your spells are a little easier to cast,
                  | but a little less powerful. [a cacodemon]
 55380 | Zot:2    | Got a glittering tin amulet
 55381 | Zot:2    | Identified the amulet of Ashenzari's Anger {-Tele rC+ rN+
                  | Regen+ Str+5 Slay+3} (You found it on level 2 of the Realm
                  | of Zot)
 55392 | Zot:2    | Got a bound lapis lazuli ring
 55393 | Zot:2    | Identified the ring of Sivem {Str+2 Int+3 Slay+4} (You
                  | found it on level 2 of the Realm of Zot)
 56120 | Zot:3    | Reached skill level 27 in Fighting
 56291 | Zot:3    | Reached skill level 27 in Armour
 56702 | Zot:4    | Reached XP level 26. HP: 253/266 MP: 22/22
 57387 | Zot:4    | Noticed an orb of fire
 57388 | Zot:4    | Gained mutation: You are dopey. (Int -2) [an orb of fire]
 57395 | Zot:4    | Gained mutation: You are weak. (Str -2) [an orb of fire]
 57402 | Zot:4    | Killed an orb of fire
 57487 | Zot:4    | Received a gift from Trog
 57878 | Zot:5    | Entered Level 5 of the Realm of Zot
 57933 | Zot:5    | Found a runed door.
 57933 | Zot:5    | Noticed XanderDroid's ghost (legendary GrFi)
 57963 | Zot:5    | Reached skill level 27 in Axes
 58609 | Zot:5    | Found a runed door.
 58893 | Zot:5    | Found a runed door.
 58977 | Zot:5    | Found a runed door.
 59227 | Zot:5    | Found a runed door.
 59525 | Zot:5    | Found a runed door.
 59974 | Zot:5    | Found a runed door.
 60432 | Zot:5    | Noticed an ancient lich
 60441 | Zot:5    | Noticed an orb of fire
 60447 | Zot:5    | Killed an ancient lich
 60448 | Zot:5    | Noticed an ancient lich
 60456 | Zot:5    | Killed an orb of fire
 60460 | Zot:5    | Killed an ancient lich
 60615 | Zot:5    | Noticed an orb of fire
 60622 | Zot:5    | Gained mutation: You are clumsy. (Dex -2) [an orb of fire]
 60622 | Zot:5    | Gained mutation: You are very weak. (Str -4) [an orb of
                  | fire]
 60633 | Zot:5    | Killed an orb of fire
 60642 | Zot:5    | Noticed an ancient lich
 60650 | Zot:5    | Killed an ancient lich
 60650 | Zot:5    | Reached XP level 27. HP: 116/273 MP: 7/22
 60654 | Zot:5    | Noticed an orb of fire
 60951 | Zot:5    | Noticed an ancient lich
 60961 | Zot:5    | Killed an ancient lich
 61221 | Zot:5    | Found a runed door.
 61232 | Zot:5    | Noticed an ancient lich
 61238 | Zot:5    | Killed an orb of fire
 61243 | Zot:5    | Killed an ancient lich
 61258 | Zot:5    | Lost mutation: Your spells are a little easier to cast, but
                  | a little less powerful. [potion of mutation]
 61258 | Zot:5    | Lost mutation: You are clumsy. (Dex -2) [potion of
                  | mutation]
 61258 | Zot:5    | Lost mutation: You tend to lose your temper in combat.
                  | [potion of mutation]
 61258 | Zot:5    | Gained mutation: You are resistant to electric shocks.
                  | (rElec) [potion of mutation]
 61258 | Zot:5    | Gained mutation: You are resistant to hostile enchantments.
                  | (MR+) [potion of mutation]
 61258 | Zot:5    | Gained mutation: You are highly resistant to hostile
                  | enchantments. (MR++) [potion of mutation]
 61259 | Zot:5    | Lost mutation: You are dopey. (Int -2) [potion of mutation]
 61259 | Zot:5    | Lost mutation: You are very weak. (Str -4) [potion of
                  | mutation]
 61259 | Zot:5    | Gained mutation: You are agile. (Dex +2) [potion of
                  | mutation]
 61259 | Zot:5    | Gained mutation: You are somewhat resistant to further
                  | mutation. [potion of mutation]
 61525 | Zot:5    | Found a runed door.
 61773 | Zot:5    | Found a runed door.
 62172 | Zot:5    | Received a gift from Trog
 62294 | Zot:5    | Reached skill level 27 in Dodging
 62294 | Zot:5    | Reached skill level 1 in Evocations
 62460 | Zot:5    | Got the Orb of Zot
 62517 | Zot:3    | Reached skill level 1 in Throwing
 62723 | Depths:2 | Noticed a seraph
 62948 | D:10     | Noticed Eqochox the pandemonium lord
 62956 | D:10     | Killed Eqochox the pandemonium lord
 63140 | D:1      | Noticed a seraph
 63152 | D:1      | Killed a seraph
 63152 | D:1      | Reached skill level 5 in Throwing
 63167 | D:$      | Escaped with the Orb!

Vault maps used:
D:1:      dpeg_arrival_central
D:2:      lemuel_round_altar, chequers_ecumenical_altar_island
D:4:      kennysheep_big_flooded_room, portal_sewer_entry_a, uniq_duvessa,
          uniq_menkaure, uniq_natasha, uniq_crazy_yiuf_cottage
D:5:      first_ration
D:6:      minmay_temple_entry_statues_pillars, serial_shops,
          nicolae_shop_crystal, kennysheep_little_box, shop,
          nicolae_shop_waterfront, kennysheep_nondescript, minivault_10
D:7:      dancing_weapons_uskayaw, grunt_ogre_cave
D:8:      serial_column_ruins, column_ruins_grid_2, column_ruins_columns_corner,
          column_ruins_columns_straight, column_ruins_open_large,
          column_ruins_grid_1, column_ruins_corridor_T, uniq_joseph
D:9:      gammafunk_temple_overflow_elements, orc_0_dummy, grunt_decor_clamped,
          lemuel_flame_loot_1
D:10:     cheibrodos_frozen_isle
D:11:     dpeg_lair_monsters
D:12:     minmay_dotted_concentric_squares, uniq_erolcha, uniq_azrael
D:13:     david_vaults_3, basic_altar, nicolae_elemental_shop
D:14:     kennysheep_pointless_box, maelrawn_ghost_labyrinth_escape,
          argonaut_gorgonesque
D:15:     gammafunk_depths_entry_grave
Lair:1:   hellmonk_ghost_happy_afterlife, serial_bayou_shore_a,
          grunt_megastairs_2
Lair:2:   swamp_mist
Lair:3:   roderic_batcave, lemuel_fruit_tree, uniq_nergalle
Lair:4:   guppyfry_snake_entry_garden, minivault_23
Lair:5:   gammafunk_ghost_ooze
Lair:6:   evilmike_catoblepas_cave, slime_altar_1, enter_volcano_1,
          chequers_serial_rivers_small_b, grunt_forest_large_clearings
Swamp:1:  evilmike_swamp_ruin_house_5, infiniplex_staircase_pool_2
Swamp:2:  evilmike_swamp_ruin_rubble_1
Swamp:3:  evilmike_swamp_ruin_house_4
Swamp:4:  swamp_icy, ebering_ghost_xom
Snake:1:  serial_bayou_pond_d, uniq_nikola, uniq_asterion
Snake:2:  ebering_ghost_inner_flame, serial_bayou_pond_a, st_stairs_6,
          evilmike_ambush
Snake:4:  grunt_snake_rune_pools, portal_ice_cave_entry_pillars_1,
          serial_bayou_crossing, minmay_shop_grove, uniq_vashnia,
          uniq_saint_roka
Orc:1:    serial_shops, shop, minmay_orc_keep, uniq_snorg
Orc:2:    st_orc_ogre_mass, uniq_nessos
Elf:1:    hangedman_elf_disciples
Vaults:1: vaults_room_large_hall, ontoclasm_vaults_decontamination,
          nicolae_vaults_little_squares_1, hangedman_vaults_stitches,
          hangedman_vaults_restitches, hangedman_vaults_slither, v_rooms_4,
          hangedman_vaults_snaps, nicolae_vaults_little_squares_3,
          vaults_room_large_hall, nicolae_vaults_windows_and_doors_thing,
          serial_shops, shop
Vaults:2: minmay_crypt_entry_simple_plaza, nicolae_vaults_puzzle_piece,
          ontoclasm_vaults_spin, hangedman_vaults_cutoff,
          grunt_vaults_trifunnel, v_rooms_6, v_misc_14, vaults_mumra_hex,
          vaults_room_door_ring, ontoclasm_vaults_pinch, serial_shops,
          shop_fountains
Vaults:3: gammafunk_vaults_ghost_spectres, vaults_room_hallway, v_pattern_5,
          ontoclasm_vaults_ring_large, nicolae_vaults_inception_statues,
          nicolae_vaults_arrows, v_misc_18, hangedman_vaults_maws,
          ontoclasm_vaults_misaligned, v_misc_14, vaults_room_grid,
          hangedman_vaults_trim, grunt_vaults_twisty,
          nicolae_vaults_fighting_squares, vaults_mumra_lcd, v_misc_22,
          ontoclasm_vaults_twist, serial_shops, nicolae_shop_statue_plus,
          nicolae_shop_stone, shop, nicolae_shop_trees, shop
Vaults:4: nicolae_vaults_mini_display_case, nicolae_vaults_border_crossing,
          vaults_dpeg_doors, vaults_room_door_ring, v_rooms_5,
          vaults_room_stairs_pillars, ontoclasm_vaults_fault,
          vaults_room_hallway, v_misc_22, hangedman_vaults_nails,
          nicolae_vaults_specimen_jars, vaults_room_semicircle, v_misc_11,
          vaults_dpeg_ring, basic_altar, serial_hangedman_research,
          hangedman_research_probablistics, hangedman_research_thanatology,
          hangedman_research_convocations, hangedman_research_geology,
          serial_shops, shop
Depths:1: grunt_metal_band, pan_entry, evilmike_ruin_ashenzari,
          kennysheep_random_hallway, minmay_shoptagon
Depths:2: minmay_bloctagon_deflated, serial_bayou_ford_a,
          pf_hell_entry_tar_spiral, kennysheep_generic_room_11,
          minmay_staircase_statues
Depths:3: grunt_forest_end_chambers, enter_ziggurat_d, hangedman_coc_ice_floe,
          rand_demon_pan_entry_3, statue_in_the_mist_lemuel
Depths:4: minmay_glassy_protrusions, nrook_mini_vaults, hell_entry,
          abyss_entry_flame_altar, basic_stair_grate_trap, uniq_xtahua,
          uniq_jory
Depths:5: grunt_twist_and_shout, hell_entry, hangedman_abyss_or_decor_stagger,
          abyss_entry, serial_shops, nicolae_shop_crystal
Zot:1:    kennysheep_six_static_rooms
Zot:2:    gammafunk_dig_for_victory
Zot:3:    hangedman_zot_decor_checkerboard, grunt_ministairs_10,
          amethyst_zot_foddershock
Zot:4:    zot_minivault_3, lemuel_elevator
Zot:5:    gammafunk_ghost_grave
Sewer:    kennysheep_sewer_church
IceCv:    ice_cave_caverns_01
Volcano:  volcano_bunker

Skill      XL: |  1  2  3  4  5  6  7  8  9 10 11 12 13 14 15 16 17 18 19 20 21 22 23 24 25 26 27 |
---------------+----------------------------------------------------------------------------------+-----
Axes           | 4 6 7 8 10 12 14 15 17 19 20 22 23 24 25 26 27 | 27.0
Fighting       | 4 5 6 7 9 10 12 13 14 15 16 17 18 19 20 21 22 23 24 26 27 | 27.0
Armour         | 3 4 5 7 8 10 11 13 14 15 16 17 18 19 20 21 22 23 24 25 27 | 27.0
Dodging        | 7 11 13 14 16 17 19 20 21 23 25 27 | 27.0
Evocations     | 4 |  4.6
Throwing       | 5 |  5.7

Action                   |  1- 3 |  4- 6 |  7- 9 | 10-12 | 13-15 | 16-18 | 19-21 | 22-24 | 25-27 || total
-------------------------+-------+-------+-------+-------+-------+-------+-------+-------+-------++-------
Melee: Hand axe          |   107 |   134 |   208 |       |       |       |       |       |       ||   449
       Headbutt          |    17 |    25 |    46 |    70 |   137 |   271 |   274 |   315 |   207 ||  1362
       War axe           |       |       |    64 |   240 |       |       |       |       |       ||   304
       Executioner's axe |       |       |       |   127 |   610 |  1098 |  1013 |  1135 |   642 ||  4625
       Battleaxe         |       |       |       |       |       |    17 |       |       |       ||    17
 Fire: Fustibalus        |       |       |       |    10 |     8 |       |       |       |       ||    18
Throw: Tomahawk          |       |       |       |       |       |     4 |       |     1 |       ||     5
       Throwing net      |       |       |       |       |       |       |       |       |     1 ||     1
Invok: Berserk           |     1 |     2 |     6 |     6 |     6 |     6 |       |     2 |     5 ||    34
       Trog's Hand       |       |       |       |     1 |     9 |    12 |     9 |    11 |     6 ||    48
       Brothers in Arms  |       |       |       |     2 |    10 |     4 |     3 |     8 |    10 ||    37
Evoke: Wand              |       |       |       |       |       |    11 |     1 |     2 |     7 ||    21
       Phantom mirror    |       |       |       |       |       |       |       |       |     1 ||     1
       Phial of floods   |       |       |       |       |       |       |       |       |     1 ||     1
  Use: Scroll            |       |       |    20 |    10 |    14 |    17 |     7 |     8 |    13 ||    89
       Potion            |       |       |       |       |     1 |     8 |     2 |       |    11 ||    22
 Stab: Distracted        |       |       |       |       |     1 |       |       |     3 |     1 ||     5
       Petrifying        |       |       |       |       |       |       |     1 |       |       ||     1
  Eat: Chunk             |     2 |     4 |    16 |    20 |    26 |    18 |    24 |    29 |    10 ||   149
       Ration            |       |       |     1 |     2 |     4 |    12 |     2 |     3 |    11 ||    35
Armor: Crystal plate arm |    79 |   154 |   215 |   331 |   578 |   922 |   556 |   621 |   397 ||  3853
Dodge: Dodged            |    18 |    33 |    80 |   121 |   340 |   804 |   715 |  1057 |   739 ||  3907
       Deflected         |       |       |       |       |       |    81 |    69 |    72 |     4 ||   226

Table legend:
 A = Non-vault XP
 B = Vault XP
 C = Vault XP percentage of total XP
 D = Non-vault monster count
 E = Vault monster count
 F = Vault count percentage of total count
                 A         B        C        D         E       F
            +---------+---------+-------+---------+---------+-------
      Total |  856425 |  729367 |  46.0 |    1474 |     872 |  37.2
            +---------+---------+-------+---------+---------+-------
        D:1 |      11 |       0 |   0.0 |       5 |       0 |   0.0
        D:2 |      73 |       0 |   0.0 |      21 |       0 |   0.0
        D:3 |      72 |       0 |   0.0 |      19 |       0 |   0.0
        D:4 |     389 |     495 |  56.0 |      20 |       9 |  31.0
        D:5 |     448 |       0 |   0.0 |      16 |       0 |   0.0
        D:6 |     537 |       0 |   0.0 |      17 |       0 |   0.0
        D:7 |     864 |     121 |  12.3 |      14 |       1 |   6.7
        D:8 |    1251 |     460 |  26.9 |      12 |       1 |   7.7
        D:9 |    2472 |       0 |   0.0 |      14 |       0 |   0.0
       D:10 |    2966 |    2542 |  46.2 |      23 |      13 |  36.1
       D:11 |    3979 |    2843 |  41.7 |      22 |      11 |  33.3
       D:12 |    4405 |    9582 |  68.5 |      22 |      21 |  48.8
       D:13 |    9012 |    5299 |  37.0 |      37 |      20 |  35.1
       D:14 |    8036 |    3339 |  29.4 |      31 |       7 |  18.4
       D:15 |   19379 |    4375 |  18.4 |      40 |       8 |  16.7
     Lair:1 |    5360 |     382 |   6.7 |      23 |       1 |   4.2
     Lair:2 |    2329 |       0 |   0.0 |      15 |       0 |   0.0
     Lair:3 |    8517 |     927 |   9.8 |      31 |      10 |  24.4
     Lair:4 |    3378 |     317 |   8.6 |      21 |       2 |   8.7
     Lair:5 |    2423 |       0 |   0.0 |       9 |       0 |   0.0
     Lair:6 |    9981 |   13968 |  58.3 |      25 |      50 |  66.7
    Swamp:1 |   22405 |       0 |   0.0 |      55 |       0 |   0.0
    Swamp:2 |    6057 |       0 |   0.0 |      18 |       0 |   0.0
    Swamp:3 |   11568 |       0 |   0.0 |      22 |       0 |   0.0
    Swamp:4 |   12822 |    7351 |  36.4 |      35 |      28 |  44.4
    Snake:1 |   19461 |    6162 |  24.0 |      40 |       2 |   4.8
    Snake:2 |   20503 |   10682 |  34.3 |      32 |      21 |  39.6
    Snake:3 |   22189 |       0 |   0.0 |      45 |       0 |   0.0
    Snake:4 |   16416 |   47775 |  74.4 |      41 |      76 |  65.0
      Orc:1 |    7745 |     846 |   9.8 |      73 |      10 |  12.0
      Orc:2 |    3256 |   17974 |  84.7 |      19 |      44 |  69.8
      Elf:1 |    5758 |    6248 |  52.0 |      18 |       9 |  33.3
   Vaults:1 |   26016 |   18477 |  41.5 |      43 |      31 |  41.9
   Vaults:2 |   13919 |   15454 |  52.6 |      22 |      34 |  60.7
   Vaults:3 |   48766 |   40293 |  45.2 |      64 |      46 |  41.8
   Vaults:4 |   43053 |   48283 |  52.9 |      59 |      69 |  53.9
   Vaults:5 |   22759 |   96951 |  81.0 |      31 |      74 |  70.5
   Depths:1 |   54633 |   17780 |  24.6 |      66 |      14 |  17.5
   Depths:2 |   41218 |    8753 |  17.5 |      58 |       5 |   7.9
   Depths:3 |   42281 |   34974 |  45.3 |      56 |      51 |  47.7
   Depths:4 |   47469 |   21021 |  30.7 |      52 |       6 |  10.3
   Depths:5 |   20515 |   18972 |  48.0 |      26 |      14 |  35.0
      Zot:1 |   57869 |    7855 |  12.0 |      29 |       6 |  17.1
      Zot:2 |   46984 |   37845 |  44.6 |      31 |      23 |  42.6
      Zot:3 |   55607 |   17541 |  24.0 |      31 |       7 |  18.4
      Zot:4 |   57058 |   23822 |  29.5 |      31 |      12 |  27.9
      Zot:5 |   33818 |  161745 |  82.7 |      13 |      40 |  75.5
    Abyss:2 |   10398 |       0 |   0.0 |      27 |       0 |   0.0
      Sewer |       0 |     636 | 100.0 |       0 |      26 | 100.0
      IceCv |       0 |   10626 | 100.0 |       0 |      59 | 100.0
    Volcano |       0 |    6651 | 100.0 |       0 |      11 | 100.0
            +---------+---------+-------+---------+---------+-------
